 Dungeon Crawl Stone Soup version 0.28-a0-1412-gf95308ed99 (webtiles) character file.

Game seed: 2405799692201048313

23 southernslant the Twirler (level 2, -3/18 HPs)
             Began as a Gargoyle Gladiator on Jan 7, 2022.
             Frozen to death by an endoplasm (7 damage)
             ... on level 2 of the Dungeon.
             The game lasted 00:02:20 (1033 turns).

southernslant the Twirler (Gargoyle Gladiator)      Turns: 1033, Time: 00:02:21

Health: -3/18      AC:  7    Str: 17    XL:     2   Next: 95%
Magic:  2/2        EV: 12    Int:  8    God:
Gold:   49         SH:  0    Dex: 11    Spells: 1/1 levels left

rFire   + . .      SeeInvis +   a - +0 quarterstaff
rCold   x . .      Faith    .   (shield currently unavailable)
rNeg    + . .      Spirit   .   b - +0 leather armour
rPois   ∞          Reflect  .   c - +0 helmet
rElec   +          Harm     .   (no cloak)
rCorr   .          Rampage  .   (no gloves)
Will    .....                   (no boots)
Stlth   +.........              (no amulet)
HPRegen 0.06/turn               j - ring of fire
MPRegen 0.08/turn               l - ring of see invisible

@: no status effects
A: sickness immunity, AC +2, negative energy resistance 1, electricity
resistance, torment resistance 1, petrification resistance
a: no special abilities


You were on level 2 of the Dungeon.
You visited 1 branch of the dungeon, and saw 2 of its levels.

You collected 49 gold pieces.

Inventory:

Hand Weapons
 a - a +0 quarterstaff (weapon)
Missiles
 d - 3 throwing nets
 g - 29 stones
 i - 11 poisoned darts (quivered)
Armour
 b - a +0 leather armour (worn)
 c - a +0 helmet (worn)
Jewellery
 j - a ring of fire (left hand)
 l - a ring of see invisible (right hand)
Scrolls
 f - a scroll of fog {unknown}
 h - a scroll of brand weapon {unknown}
Potions
 e - 2 potions of resistance {unknown}
 k - a potion of haste {unknown}


   Skills:
 * Level 2.6 Fighting
 + Level 3.1 Staves
 + Level 1.9 Throwing
 * Level 1.2 Armour
 + Level 2.5 Dodging
 + Level 0.6 Stealth


You had one spell level left.
You didn't know any spells.
Your spell library contained the following spells:

 Spells                   Type           Power      Damage    Failure   Level
 Passwall                 Tmut/Erth      0%         N/A       61%         2
 Swiftness                Air            0%         N/A       83%         3


Dungeon Overview and Level Annotations

Branches:
Dungeon (2/15)

Altars:


Innate Abilities, Weirdness & Mutations

You are immune to sickness and miasma.
Your stone body is resilient. (AC +2)
You are immune to poison.
You resist negative energy. (rN+)
You are resistant to electric shocks. (rElec)
You are resistant to unholy torment.
You are immune to petrification.


Message History

The hobgoblin shouts!
The hobgoblin closely misses you.
You hit the hobgoblin.
You kill the hobgoblin!
No target in view!
l - a ring of see invisible
l - a ring of see invisible (right hand)
Found a stone staircase leading up.
An endoplasm comes into view.
Found a sedimented orange potion.
The endoplasm quivers.
An adder comes into view.
The adder hisses angrily.
The endoplasm completely misses you.
You hit the adder.
The adder is lightly wounded.
The endoplasm freezes you.
You are frozen.
You feel a terrible chill! The adder misses you.
The endoplasm closely misses you. The adder bites you but does no damage.
You miss the adder.
The adder is lightly wounded.
The adder barely misses you. The endoplasm hits you.
You closely miss the adder.
The adder is lightly wounded.
The adder barely misses you. The endoplasm freezes you.
You are frozen.
The adder bites you.
You are too injured to fight recklessly!
You are too injured to fight recklessly!
You sock the adder!
The adder is severely wounded.
The endoplasm freezes you.
You are frozen.
You feel a terrible chill!
* * * LOW HITPOINT WARNING * * *
The adder bites you but does no damage.
You sock the adder!
You kill the adder!
The endoplasm freezes you.
You are frozen!
You feel a terrible chill!
You die...

#............... ###
#^.......######
...#........#
###.#........#
#<#..........##########
#.###.................#
#.....#######.........##
#####.# #.......!... #.#
#...@†...... #.#
#####J...... #>. .......
#.# ....... ### .......
....... ....... #######


You could see an endoplasm.

Vanquished Creatures
  An adder (D:2)
  4 dart slugs (D:1)
  2 endoplasms (D:1)
  A hobgoblin (D:2)
  2 kobolds (D:1)
  A quokka (D:1)
  A ball python (D:1)
  2 bats (D:1)
  A rat (D:1)
15 creatures vanquished.

Notes
Turn   | Place    | Note
-------+----------+-------------------------------------------
     0 | D:1      | southernslant the Gargoyle Gladiator began the quest for
                  | the Orb.
     0 | D:1      | Reached XP level 1. HP: 12/12 MP: 1/1
   236 | D:1      | Reached XP level 2. HP: 15/18 MP: 2/2
   379 | D:1      | Reached skill level 1 in Armour
  1033 | D:2      | Frozen to death by an endoplasm

Illustrated notes

Levels and vault maps discovered:
D:1:      roderic_dead_forest, layout_basic, hex_tiny
D:2:      layout_basic, hellmonk_ecumenical_altar_arch_garden,
          minmay_split_cup_small, uniq_robin

Skill      XL: |  1  2 |
---------------+-------+-----
Armour         | 1 |  1.2
Fighting       | |  2.6
Staves         | |  3.1
Throwing       | |  1.9
Dodging        | |  2.5
Stealth        | |  0.6

Action                   || total
-------------------------++-------
Melee: Quarterstaff      ||    43
 Stab: Sleeping          ||     1
Armor: Leather armour    ||    18
Dodge: Dodged            ||    35

Table legend: (Time is in decaauts)
 A = Elapsed time spent in this place.
 B = Non-inter-level travel time spent in this place.
 C = Inter-level travel time spent in this place.
 D = Time resting spent in this place.
 E = Time spent auto-exploring this place.
 F = Levels seen in this place.
 G = Mean time per level.
                   A        B        C        D        E       F      G
               +--------+--------+--------+--------+--------+-----+--------+
         Total |   1038 |   1038 |      0 |      0 |    854 |   2 |  519.0 |
       Dungeon |   1038 |   1038 |      0 |      0 |    854 |   2 |  519.0 |
               +--------+--------+--------+--------+--------+-----+--------+

Top non-repeatable levels by time:
     D:1: 1009 daAuts
     D:2: 29 daAuts
